 Dungeon Crawl Stone Soup version 0.20.0-9-g8272e65 (webtiles) character file.

132 Darkell the Chiller (level 4, -8/30 HPs)
             Began as a Demonspawn Ice Elementalist on June 3, 2017.
             Mangled by an ogre
             ... wielding a cursed +0 giant spiked club
              (14 damage)
             ... on level 4 of the Dungeon.
             The game lasted 00:02:58 (2760 turns).

Darkell the Chiller (Demonspawn Ice Elementalist)   Turns: 2760, Time: 00:02:59

Health: -8/30      AC:  9    Str: 14    XL:     4   Next: 92%
Magic:  3/7        EV: 12    Int: 17    God:
Gold:   173        SH:  0    Dex: 13    Spells: 6/7 levels left

rFire    . . .     SeeInvis .   o - +0 short sword
rCold    + . .     Gourm    .   (no shield)
rNeg     . . .     Faith    .   u - +1 leather armour {rC+}
rPois    .         Spirit   .   (no helmet)
rElec    .         Reflect  .   y - +2 cloak
rCorr    .         Harm     .   (no gloves)
MR       .....                  (no boots)
Stlth    ++........             (no amulet)
Regen    0.1/turn               p - +5 ring of strength
MPRegen  0.1/turn               (no ring)

@: no status effects
A: yellow scales 1
a: no special abilities


You were on level 4 of the Dungeon.
You were not hungry.

You visited 1 branch of the dungeon, and saw 4 of its levels.

You collected 173 gold pieces.

Inventory:

Hand Weapons
 o - a +0 short sword (weapon)
Armour
 a - a +0 robe
 e - a +0 buckler
 k - a scarf of cloud immunity
 u - a +1 leather armour of cold resistance (worn)
 y - a +2 cloak (worn)
Jewellery
 p - a +5 ring of strength (left hand)
 x - an uncursed amulet of regeneration {unknown}
Scrolls
 g - 2 scrolls of identify {unknown}
 i - 2 scrolls of enchant weapon {unknown}
 l - 2 scrolls of recharging {unknown}
 q - 2 scrolls of immolation {unknown}
 t - a scroll of enchant armour {unknown}
 v - 2 scrolls of teleportation {unknown}
 w - a scroll of amnesia {unknown}
Potions
 d - a potion of brilliance {unknown}
 f - a potion of berserk rage {unknown}
 h - 2 potions of heal wounds {unknown}
 j - a potion of lignification {unknown}
 n - a potion of curing
 r - a potion of invisibility {unknown}
 z - a potion of degeneration {unknown}
 A - a potion of agility {unknown}
Books
 b - a book of Frost

   Spells                             Type                      Level
   a - Freeze                         Ice                          1
   b - Throw Frost                    Conjuration/Ice              2
   c - Ozocubu's Armour               Charms/Ice                   3
   d - Throw Icicle                   Conjuration/Ice              4
   e - Summon Ice Beast               Ice/Summoning                4
Comestibles
 c - 3 bread rations
 m - 3 meat rations
 s - 3 fruits
 B - a chunk of flesh


   Skills:
 - Level 1.7 Dodging
 - Level 1.7 Stealth
 - Level 2.0 Spellcasting
   Level 1.0 Conjurations
 + Level 5.1 Ice Magic


You had 6 spell levels left.
You knew the following spells:

 Your Spells              Type           Power        Failure   Level  Hunger
a - Freeze                Ice            ###.         3%          1    #......


Dungeon Overview and Level Annotations

Branches:
Dungeon (4/15)
 Temple: D:4-7

Altars:
Cheibriados
Okawaru
Yredelemnul
The Shining One


Innate Abilities, Weirdness & Mutations

You are partially covered in yellow scales. (AC +2)


Message History

The ogre is moderately wounded.
Casting: Freeze
Confirm with . or Enter, or press ? or * to list all spells.
Aiming: Freeze
Press: ? - help, Shift-Dir - straight line, f/p - ogre
Aim: an ogre, wielding a giant spiked club (moderately wounded)
You freeze the ogre.
The ogre is severely wounded.
The ogre hits you with a giant spiked club!!
Ouch! That really hurt!
* * * LOW HITPOINT WARNING * * *
Casting: Freeze
Confirm with . or Enter, or press ? or * to list all spells.
Aiming: Freeze
Press: ? - help, Shift-Dir - straight line, f/p - ogre
Aim: an ogre, wielding a giant spiked club (severely wounded)
You freeze the ogre.
The ogre is almost dead.
The ogre hits you with a giant spiked club!
You die...

..... ##....# #....#
## ##...# .# #....#
.#### ##...# # ....
#....### ... ..#
.......##...# ##O#
...........# ##@#
#....<....## ##.##
#..........###..#
#............[.##
##..####......### #.
##.## #.........##...
.#..###.............#
....##..............+
....##..............#


You could see an ogre.

Vanquished Creatures
  A jelly (D:4)
  A worker ant (D:4)
  A howler monkey skeleton (D:3)
  An adder (D:1)
  A worm (D:2)
  2 dart slugs
  2 orcs
  3 giant cockroaches
  6 goblins
  5 hobgoblins
  6 kobolds
  2 quokkas (D:3)
  5 bats
  5 frilled lizards
  6 rats
47 creatures vanquished.

Notes
Turn   | Place    | Note
-------+----------+-------------------------------------------
     0 | D:1      | Darkell the Demonspawn Ice Elementalist began the quest for the Orb.
     0 | D:1      | Reached XP level 1. HP: 13/13 MP: 3/3
   122 | D:1      | Reached skill level 3 in Ice Magic
   284 | D:1      | Gained mutation: You are partially covered in yellow scales. (AC +2) [demonic ancestry]
   284 | D:1      | Reached XP level 2. HP: 4/19 MP: 0/5
  1020 | D:2      | Reached XP level 3. HP: 24/24 MP: 2/6
  1468 | D:2      | Found a glowing golden altar of the Shining One.
  1581 | D:3      | Reached skill level 4 in Ice Magic
  1909 | D:3      | Found a snail-covered altar of Cheibriados.
  2136 | D:3      | Reached XP level 4. HP: 30/30 MP: 3/7
  2212 | D:3      | Found an iron altar of Okawaru.
  2526 | D:4      | Found a basalt altar of Yredelemnul.
  2722 | D:4      | Reached skill level 5 in Ice Magic
  2753 | D:4      | Noticed an ogre
  2760 | D:4      | Mangled by an ogre

Skill      XL: |  1  2  3  4 |
---------------+-------------+-----
Ice Magic      | 3 4 5 |  5.1
Dodging        | |  1.7
Stealth        | |  1.7
Spellcasting   | |  2.0
Conjurations   | |  1.0

Action                   |  1- 3 |  4- 6 || total
-------------------------+-------+-------++-------
Melee: Unarmed           |    25 |       ||    25
       Short sword       |    10 |     4 ||    14
 Cast: Freeze            |    70 |    17 ||    87
  Use: Potion            |     1 |       ||     1
  Eat: Chunk             |     1 |     3 ||     4
       Royal jelly       |     1 |       ||     1
       Fruit             |     1 |       ||     1
Armor: Robe              |    16 |       ||    16
       Leather armour    |       |     4 ||     4
Dodge: Dodged            |    55 |     7 ||    62
